 Dungeon Sprint DCSS version 0.28-a0-941-g140ffa10cf (webtiles) character file.

Game seed: 1907174535100098350

7 Turgor the Sneak (level 2, -3/12 (15) HPs)
             Began as a Kobold Enchanter on Nov 29, 2021.
             Slain by a necrophage (5 damage)
             ... in the Dungeon (Sprint II: "The Violet Keep of Menkaure").
             The game lasted 00:00:57 (72 turns).

Turgor the Sneak (Kobold Enchanter)                   Turns: 72, Time: 00:00:58

HP:   -3/12 (15)    AC:  2    Str:  5    XL:     2   Next: 5%
MP:   5/5           EV: 15    Int: 16    God:
Gold: 243           SH:  0    Dex: 15    Spells: 5/5 levels left

rFire   . . .      SeeInvis .   a - +1 dagger
rCold   . . .      Faith    .   (shield restricted)
rNeg    . . .      Spirit   .   b - +0 robe
rPois   .          Reflect  .   (no helmet)
rElec   .          Harm     .   (no cloak)
rCorr   .          Rampage  .   (no gloves)
Will    .....      NoTele   +   (no boots)
Stlth   ++++......              (no amulet)
HPRegen 0.04/turn               (no ring)
MPRegen 0.09/turn               (no ring)

@: heavily drained
A: small, no large weapons, nightstalker 3
a: no special abilities


You were in the Dungeon.
You visited 1 branch You collected 243 gold pieces.

Inventory:

Hand Weapons
 a - a +1 dagger (weapon)
Armour
 b - a +0 robe (worn)
Scrolls
 i - a scroll of blinking
Potions
 c - a potion of invisibility
 d - a potion of curing
 e - a potion of heal wounds
 f - a potion of haste
 g - 2 potions of magic


   Skills:
 - Level 1.3 Short Blades
 - Level 2.4 Dodging
 + Level 6.8 Stealth
 - Level 2.1 Spellcasting
 - Level 3.0 Hexes


You had 5 spell levels left.
You didn't know any spells.
Your spell library contained the following spells:

 Spells                   Type           Power      Damage    Failure   Level
 Ensorcelled Hibernation  Hex/Ice        12%        N/A       17%         2
 Confusing Touch          Hex            11%        N/A       19%         3
 Tukima's Dance           Hex            11%        N/A       19%         3
 Dazzling Flash           Conj/Hex       12%        N/A       32%         3


Dungeon Overview and Level Annotations

Branches:
Dungeon (1/1)

Altars:


Innate Abilities, Weirdness & Mutations

You are small and have problems with some larger weapons.
You are completely attuned to the shadows.


Message History

You start waiting.
You feel yourself speed up.
You start waiting.
You recover from your berserk rage.
You open the door. 4 necrophages come into view.
There is an open door here.
Found 243 gold pieces.
The necrophage hits you.
You feel drained.
There is an open door here.
The necrophage completely misses you.
You hit the necrophage.
The necrophage is lightly damaged.
The necrophage hits you but does no damage.
The necrophage closely misses you. The necrophage barely misses you.
You closely miss the necrophage.
The necrophage is lightly damaged.
The necrophage barely misses you. The necrophage hits you.
You feel drained. The necrophage completely misses you.
You hit the necrophage.
The necrophage is lightly damaged.
The necrophage hits you but does no damage.
The necrophage closely misses you. The necrophage misses you.
You hit the necrophage.
The necrophage is lightly damaged.
The necrophage completely misses you. The necrophage misses you.
The necrophage hits you but does no damage.
You barely miss the necrophage.
The necrophage is lightly damaged.
The necrophage hits you but does no damage.
The necrophage hits you.
You feel drained.
* * * LOW HITPOINT WARNING * * *
The necrophage closely misses you.
Unknown command.
You hit the necrophage.
The necrophage is moderately damaged.
The necrophage barely misses you. x2; The necrophage misses you.
You hit the necrophage.
The necrophage is moderately damaged.
The necrophage closely misses you. x2; The necrophage hits you.
You die...

##. $## .. B.
B#. ##
#+###.##
####.##.n.#
+##†'.<.n##$+
#..†##.##@n.#
##.###+###n##
###


s#s ## .s s. ### ### You could see 3 necrophages.

Vanquished Creatures
  2 worms (D)
2 creatures vanquished.

Notes
Turn   | Place    | Note
-------+----------+-------------------------------------------
     0 | D        | Turgor the Kobold Enchanter began the quest for the Orb.
     0 | D        | Reached XP level 1. HP: 10/10 MP: 3/3
     1 | D        | Noticed a scorpion
     1 | D        | Noticed a scorpion
     1 | D        | Noticed a scorpion
     1 | D        | Noticed a scorpion
     5 | D        | Noticed a boulder beetle
     5 | D        | Noticed a boulder beetle
    15 | D        | Reached skill level 5 in Stealth
    19 | D        | Reached skill level 6 in Stealth
    19 | D        | Reached XP level 2. HP: 15/15 MP: 5/5
    61 | D        | Noticed a necrophage
    61 | D        | Noticed a necrophage
    61 | D        | Noticed a necrophage
    61 | D        | Noticed a necrophage
    72 | D        | Slain by a necrophage

Illustrated notes

Levels and vault maps discovered:
D:        the_violet_keep_of_menkaure [sprint2_stairs_cluster_1,
          sprint2_shoproom, sprint2_temple, sprint2_basic_supplies,
          sprint2_obstacle_4, sprint2_obstacle_7, sprint2_obstacle_1,
          sprint2_obstacle_6, sprint2_obstacle_5, sprint2_timed_cluster_1,
          sprint2_smallroom_cluster_1, sprint2_smallroom_final_cluster_1,
          sprint2_transparent_cluster_1, sprint2_second_timed_cluster_1,
          sprint2_sniper_area_1, sprint2_heavy_combat_area_1,
          sprint2_mutation_trap_area_1, sprint2_forest_area_1,
          sprint2_light_combat_area_1, sprint2_behind_water_1,
          sprint2_near_end_vault_1]

Skill      XL: |  1 |
---------------+----+-----
Stealth        | 6 |  6.8
Short Blades   | |  1.3
Dodging        | |  2.4
Spellcasting   | |  2.1
Hexes          | |  3.0

Action                   || total
-------------------------++-------
Melee: Dagger            ||    13
  Use: Potion            ||     1
 Stab: Sleeping          ||     1
Armor: Robe              ||     4
Dodge: Dodged            ||    16

Table legend: (Time is in decaauts)
 A = Elapsed time spent in this place.
 B = Non-inter-level travel time spent in this place.
 C = Inter-level travel time spent in this place.
 D = Time resting spent in this place.
 E = Time spent auto-exploring this place.
 F = Levels seen in this place.
 G = Mean time per level.
                   A        B        C        D        E       F      G
               +--------+--------+--------+--------+--------+-----+--------+
         Total |     80 |     80 |      0 |     45 |      0 |   1 |   80.0 |
       Dungeon |     80 |     80 |      0 |     45 |      0 |   1 |   80.0 |
               +--------+--------+--------+--------+--------+-----+--------+

Top non-repeatable levels by time:
       D: 80 daAuts
